 Dungeon Crawl Stone Soup version 0.22-a0-161-g198051c (webtiles) character file.

28 b5mith the Poker (level 3, -1/29 HPs)
             Began as a Human Berserker on Feb 10, 2018.
             Was a Believer of Trog.
             Slain by a hobgoblin (4 damage)
             ... on level 2 of the Dungeon.
             The game lasted 00:05:48 (1007 turns).

b5mith the Poker (Human Berserker)                  Turns: 1007, Time: 00:05:49

Health: -1/29      AC:  2    Str: 17    XL:     3   Next: 30%
Magic:  3/3        EV: 12    Int:  7    God:    Trog [**....]
Gold:   43         SH:  0    Dex: 13    Spells: 2/2 levels left

rFire    . . .     SeeInvis .   e - +0 dagger (pain)
rCold    . . .     Gourm    .   (no shield)
rNeg     . . .     Faith    +   b - +0 animal skin
rPois    .         Spirit   .   (no helmet)
rElec    .         Reflect  .   (no cloak)
rCorr    .         Harm     .   (no gloves)
MR       .....                  (no boots)
Stlth    +.........             g - amulet of faith
HPRegen  0.09/turn              (no ring)
MPRegen  0.08/turn              (no ring)

@: no status effects
A: no striking features
a: Berserk, Trog's Hand, Burn Spellbooks, Renounce Religion


You were on level 2 of the Dungeon.
You worshipped Trog.
Trog was pleased with you.
You were not hungry.

You visited 1 branch of the dungeon, and saw 2 of its levels.

You collected 43 gold pieces.

Inventory:

Hand Weapons
 a - a +0 spear
 e - a +0 dagger of pain (weapon)
Missiles
 d - 27 stones (quivered)
 i - 15 poisoned needles
Armour
 b - a +0 animal skin (worn)
Magical Staves
 l - an uncursed staff of conjuration {unknown}
Jewellery
 g - an amulet of faith (around neck)
Scrolls
 f - a scroll of blinking {unknown}
 h - a scroll of enchant armour {unknown}
 j - 2 scrolls of fog
 m - a scroll of identify {unknown}
Potions
 k - a potion of heal wounds {unknown}
Comestibles
 c - 2 rations


   Skills:
 + Level 3.0 Fighting
 * Level 0.6 Short Blades
 - Level 3.4 Polearms
 + Level 0.9 Throwing
 + Level 2.1 Armour
 + Level 2.3 Dodging


You had 2 spell levels left.
You didn't know any spells.

Dungeon Overview and Level Annotations

Branches:
Dungeon (2/15)

Altars:


Message History

The hobgoblin is moderately wounded.
The hobgoblin barely misses you.
You hit the hobgoblin but do no damage.
The hobgoblin is moderately wounded.
The hobgoblin closely misses you.
You hit the hobgoblin.
The hobgoblin is almost dead.
The hobgoblin misses you.
You hit the hobgoblin but do no damage.
The hobgoblin is almost dead.
The hobgoblin hits you.
* * * LOW HITPOINT WARNING * * *
You closely miss the hobgoblin.
The hobgoblin is almost dead.
The hobgoblin hits you.
* * * LOW HITPOINT WARNING * * *
You hit the hobgoblin but do no damage.
The hobgoblin is almost dead.
The hobgoblin hits you.
You die...

#.#.### #######'#...##
###............#
#.+............#
###.#............#
###<...............# .
#......[###'#####.## ..
#.>...............###########..
#...........##@#####...........
#...........##g# #...?.......
#...........##g## #.......(...
#.......#...##..####......(....
#.......#...##...........((....
#.......#...##.................
#.......#...##...((............
##.######...####.###...........
#. .... +...........


You could see 2 hobgoblins.

Vanquished Creatures
  2 dart slugs (D:1)
  A leopard gecko (D:2)
  2 hobgoblins
  A quokka (D:2)
  4 bats
  5 goblins
  4 kobolds
  6 rats
25 creatures vanquished.

Vanquished Creatures (others)
  14 toadstools (D:1)
14 creatures vanquished.

Grand Total: 39 creatures vanquished

Notes
Turn   | Place    | Note
-------+----------+-------------------------------------------
     0 | D:1      | b5mith the Human Berserker began the quest for the Orb.
     0 | D:1      | Reached XP level 1. HP: 18/18 MP: 1/1
   353 | D:1      | Reached XP level 2. HP: 22/24 MP: 2/2
   879 | D:2      | Reached XP level 3. HP: 16/29 MP: 3/3
   954 | D:2      | Reached ** piety under Trog
  1007 | D:2      | Slain by a hobgoblin

Vault maps used:
D:1:      nagdon_arrival_zigzag_paths, minmay_tromino_v4_b

Action                   || total
-------------------------++-------
Melee: Dagger            ||   100
       Spear             ||     4
Throw: Stone             ||    35
  Use: Scroll            ||     1
 Stab: Sleeping          ||     1
Armor: Animal skin       ||    15
Dodge: Dodged            ||    67

Table legend:
 A = Spawn XP
 B = Non-spawn XP
 C = Spawn XP percentage of total XP
 D = Spawn monster count
 E = Non-spawn monster count
 F = Spawn count percentage of total count
 G = Total turns spent on level
                    A         B        C        D         E        F      G
               +---------+---------+-------+---------+---------+-------+---------
         Total |       0 |      41 |   0.0 |       0 |      25 |   0.0 |  1007
               +---------+---------+-------+---------+---------+-------+---------
           D:1 |       0 |      26 |   0.0 |       0 |      17 |   0.0 |   858
           D:2 |       0 |      15 |   0.0 |       0 |       8 |   0.0 |   149
               +---------+---------+-------+---------+---------+-------+---------
